 Dungeon Crawl Stone Soup version 0.18.1-8-gdd0e5ea (webtiles) character file.

329 M4edhros the Ducker (level 6, -1/48 HPs)
             Began as a Formicid Hunter on June 4, 2016.
             Slain by a gnoll
             ... wielding a +0 whip
              (2 damage)
             ... on level 4 of the Dungeon.
             The game lasted 00:02:45 (2124 turns).

M4edhros the Ducker (Formicid Hunter)               Turns: 2124, Time: 00:02:46

Health: -1/48      AC: 10    Str: 17    XL:     6   Next: 80%
Magic:  6/6        EV:  6    Int: 10    God:
Gold:   98         SH:  3    Dex: 13    Spells: 0 memorised, 5 levels left

rFire  . . .     SeeInvis +     b - +0 short sword
rCold  . . .     Gourm    .     n - +0 plate armour
rNeg   . . .     Faith    .     (no shield)
rPois  .         Spirit   .     (helmet unavailable)
rElec  .         Dismiss  .     (no cloak)
rCorr  .         Reflect  +     (no gloves)
SustAt .         Harm     .     (no boots)
MR     .....                    q - +3 amulet of reflection
Stlth  ..........               (no ring)
                                (no ring)

@: not resistant to hostile enchantments, extremely unstealthy
A: permanent stasis, dig shafts and tunnels, four strong arms, antennae 3
a: Dig, Shaft Self


You were on level 4 of the Dungeon.
You were hungry.

You visited 1 branch of the dungeon, and saw 4 of its levels.

You collected 98 gold pieces.

Inventory:

Hand Weapons
 a - a +2 hand crossbow
 b - a +0 short sword (weapon)
Missiles
 h - 4 bolts
Armour
 c - a +0 leather armour
 j - a +0 scale mail
 n - a +0 plate armour (worn)
Jewellery
 q - a +3 amulet of reflection (around neck)
Scrolls
 g - 6 scrolls of identify
 i - 2 scrolls of enchant armour
 k - a scroll of random uselessness
 m - a scroll of immolation
 p - a scroll of remove curse
Potions
 l - a potion of brilliance {unknown}
Comestibles
 f - 4 bread rations
 o - 6 fruits


   Skills:
 + Level 3.8 Fighting
 - Level 4.0 Crossbows
 * Level 4.5 Dodging
 + Level 4.3 Stealth


You had 5 spell levels left.
You didn't know any spells.

Dungeon Overview and Level Annotations

Branches:
Dungeon (4/15)
 Temple: D:4-7

Altars:
Okawaru


Innate Abilities, Weirdness & Mutations

You are under a permanent stasis effect.
You can dig through walls and to a lower floor.
Your four strong arms can wield two-handed weapons with a shield.
You have a pair of large antennae on your head (SInv).


Message History

The gnoll is almost dead.
The gnoll completely misses you. The gnoll hits you but does no damage.
Your plate armour prevents you from hitting the gnoll.
The gnoll is almost dead.
The gnoll barely misses you. The gnoll hits you but does no damage.
The gnoll hits you with a spear.
You hit the gnoll but do no damage.
The gnoll is almost dead.
The gnoll hits you with a whip.
* * * LOW HITPOINT WARNING * * *
The gnoll hits you with a spear.
* * * LOW HITPOINT WARNING * * *
The gnoll hits you with a whip.
* * * LOW HITPOINT WARNING * * *
You closely miss the gnoll.
The gnoll is almost dead.
The gnoll hits you with a spear.
* * * LOW HITPOINT WARNING * * *
The gnoll hits you with a whip.
You die...

.......# .'...(..#.(.#
.......# #......##(.#
..<....# #.....##..#
.......######.....##(.#
#...........#.........#
#...........#.%.......#
#...........#.....##..#
#...........#..†g.##'##
#..........)####@###..
#...........|...g..#..#
#......#####...=...#..#
#......# #.......#..#
#......# #.......#
#...... #.......# ###+#
#.......# #.......#
........+


You could see 2 gnolls.

Vanquished Creatures
  A giant frog (D:4)
  An orc priest (D:4)
  A hound (D:4)
  An orc wizard (D:4)
  Ijyb (D:2)
  Terence (D:3)
  A worker ant (D:4)
  A gnoll (D:4)
  An adder (D:2)
  2 oozes
  3 worms
  5 dart slugs
  2 giant geckos
  9 orcs (D:4)
  2 ball pythons
  6 giant cockroaches
  3 goblins (D:3)
  4 hobgoblins
  6 jackals
  4 kobolds
  A quokka (D:3)
  6 bats
  A giant newt (D:1)
  2 rats
65 creatures vanquished.

Vanquished Creatures (others)
  An orc (D:4)
1 creature vanquished.

Grand Total: 66 creatures vanquished

Notes
Turn   | Place    | Note
--------------------------------------------------------------
     0 | D:1      | M4edhros the Formicid Hunter began the quest for the Orb.
     0 | D:1      | Reached XP level 1. HP: 16/16 MP: 1/1
   222 | D:1      | Reached XP level 2. HP: 22/23 MP: 2/2
   337 | D:1      | Reached XP level 3. HP: 28/28 MP: 3/3
   855 | D:2      | Reached XP level 4. HP: 34/34 MP: 4/4
  1061 | D:3      | Noticed Terence
  1067 | D:3      | Killed Terence
  1115 | D:2      | Noticed Ijyb
  1120 | D:2      | Killed Ijyb
  1120 | D:2      | Reached XP level 5. HP: 29/41 MP: 5/5
  1525 | D:4      | Reached XP level 6. HP: 33/47 MP: 6/6
  1835 | D:4      | Found an iron altar of Okawaru.
  2124 | D:4      | HP: 1/48 [gnoll/spear (3)]
  2124 | D:4      | Slain by a gnoll

Skill      XL: |  1  2  3  4  5  6 |
---------------+-------------------+-----
Dodging        | 2 3 4 |  4.5
Stealth        | 2 3 4 |  4.3
Fighting       | 3 |  3.8
Crossbows      | |  4.0

Action                   |  1- 3 |  4- 6 || total
-------------------------+-------+-------++-------
Melee: Short sword       |       |    56 ||    56
 Fire: Hand crossbow     |    74 |   121 ||   195
  Use: Scroll            |     3 |     3 ||     6
       Potion            |       |     1 ||     1
 Stab: Invisible         |       |     3 ||     3
  Eat: Chunk             |       |     3 ||     3
Armor: Leather armour    |     4 |     9 ||    13
       Plate armour      |       |    90 ||    90
       Scale mail        |       |     2 ||     2
Dodge: Dodged            |    15 |    53 ||    68
Block: Other             |       |     2 ||     2
